 Dungeon Crawl Stone Soup version 0.30.1-4-g462c640d31 (webtiles) character file.

Game seed: 9932979258883809128

114964 mikski the Unseen (level 16, -6/139 HPs)
             Began as a Merfolk Gladiator on Aug 23, 2023.
             Was an Initiate of Gozag.
             Killed from afar by Nikola (81 damage)
             ... with an arc of chain lightning
             ... on level 3 of the Swamp.
             The game lasted 02:01:43 (22605 turns).

mikski the Unseen (Merfolk Gladiator)              Turns: 22605, Time: 02:01:49

Health: -6/139     AC: 16    Str: 24    XL:     16   Next: 67%
Magic:  16/16      EV: 26    Int:  6    God:    Gozag
Gold:   7113       SH:  8    Dex: 17    Spells: 15/15 levels left

rFire   + + .        E - +9 spear "Wyceporph" {chaos, rN+++ Will+++ Int-2 Stlth-}
rCold   x x .        D - +2 buckler
rNeg    + + +        R - +3 salamander hide armour {Flames, rFlCloud rF++ rC--}
rPois   .            n - +2 helmet
rElec   .            Q - +1 cloak {Will+}
rCorr   .            G - +0 pair of gloves
SInv    .            Y - +2 pair of boots {Fly}
Will    +++++        f - amulet of regeneration
Stlth   ++++++       k - +5 ring of evasion
HPRegen 1.23/turn    O - +6 ring of strength
MPRegen 0.15/turn

%: no passive effects
@: gold aura, flying
A: (nimble swimmer 2), mertail, dopey 1
a: Renounce Religion, Potion Petition, Call Merchant, Bribe Branch


You were on level 3 of the Swamp.
You worshipped Gozag.
Gozag was greatly pleased with you.
You visited 5 branches of the dungeon, and saw 25 of its levels.
You also visited: Bailey and Ice Cave.

You collected 7930 gold pieces.
You spent 780 gold pieces at shops.
You paid 37 gold pieces to Gozag.

Inventory:

Hand Weapons
 E - the +9 spear "Wyceporph" (weapon) {chaos, rN+++ Will+++ Int-2 Stlth-}
   (You found it on level 6 of the Dungeon)

   Int:       It affects your intelligence (-2).
   rN:        It renders you almost immune to negative energy.
   Will:      It greatly increases your willpower.
   Stlth:     It makes you less stealthy.
Armour
 n - a +2 helmet (worn)
 o - the scarf "Bitri" {repulsion, +Inv rN+ Int+5}
   (You acquired it on level 13 of the Dungeon)

   Int:       It affects your intelligence (+5).
   rN:        It protects you from negative energy.
   +Inv:      It lets you turn invisible.
 y - +0 ice dragon scales
 D - a +2 buckler (worn)
 G - a +0 pair of gloves (worn)
 Q - a +1 cloak of willpower (worn)
 R - the +3 salamander hide armour (worn) {Flames, rFlCloud rF++ rC--}
   (You found it in a bailey)

   Flames:    It surrounds you with flame clouds and enhances your fire magic.
   rFlCloud:  It grants immunity to flame clouds.
   rF:        It greatly protects you from fire.
   rC:        It makes you very vulnerable to cold.
 Y - a +2 pair of boots of flying (worn)
 Z - the +4 ring mail "Mipuchoeh" {rN+ SInv}
   (You found it on level 12 of the Dungeon)

   rN:        It protects you from negative energy.
   SInv:      It lets you see invisible.
Magical Staves
 j - a staff of poison
Jewellery
 d - an amulet of the acrobat
 e - the ring of Eternal Night {rF+ rN++ Will- Dex+2 Slay+3}
   (You acquired it on level 13 of the Dungeon)

   [ring of protection from fire]

   Dex:       It affects your dexterity (+2).
   Slay:      It affects your accuracy & damage with ranged weapons and melee
   (+3).
   rF:        It protects you from fire.
   rN:        It greatly protects you from negative energy.
   Will:      It decreases your willpower.
 f - an amulet of regeneration (around neck)
 k - a +5 ring of evasion (left hand)
 p - a ring of ice
 O - a +6 ring of strength (right hand)
 W - a ring of flight
Wands
 x - a wand of polymorph (7)
 z - a wand of paralysis (11)
 L - a wand of mindburst (7)
 N - a wand of roots (25)
 P - a wand of flame (29)
 U - a wand of light (9)
Scrolls
 a - a scroll of blinking
 b - a scroll of summoning
 g - 8 scrolls of fear
 m - a scroll of identify
 q - 4 scrolls of enchant weapon
 u - 5 scrolls of immolation
 v - 5 scrolls of brand weapon
 A - 6 scrolls of amnesia
 M - a scroll of silence
 S - a scroll of fog
 T - a scroll of acquirement
 V - 5 scrolls of teleportation
Potions
 c - 8 potions of haste
 h - 3 potions of cancellation
 i - 7 potions of brilliance
 l - 3 potions of flight
 r - 5 potions of invisibility
 s - 3 potions of heal wounds
 t - 10 potions of curing
 w - 4 potions of attraction
 B - 3 potions of lignification
 C - a potion of might
 H - a potion of berserk rage
 J - 3 potions of magic
 K - 2 potions of ambrosia
Miscellaneous
 F - a tin of tremorstones (2/2)


   Skills:
 * Level 16.7 Fighting
 + Level 16.4 Polearms
 + Level 2.1 Throwing
 + Level 5.0 Armour
 * Level 16.0 Dodging
 * Level 19.2 Stealth
 + Level 6.4 Shields


You had 15 spell levels left.
You didn't know any spells.
Your spell library contained the following spells:

 Spells                   Type           Power      Damage    Failure   Level
 Kiss of Death            Conj/Necr      0%         2d5       54%         1
 Sting                    Tmut/Pois      0%         1d3       54%         1
 Poisonous Vapours        Pois/Air       0%         N/A       69%         2
 Confusing Touch          Hex            0%         N/A       89%         3
 Dazzling Flash           Conj/Hex       0%         N/A       89%         3
 Gell's Gravitas          Tloc           0%         N/A       89%         3
 Hailstorm                Conj/Ice       0%         3d3       89%         3
 Inner Flame              Hex/Fire       0%         N/A       89%         3
 Summon Guardian Golem    Hex/Summ       0%         N/A       89%         3
 Teleport Other           Tloc           0%         N/A       89%         3
 Vhi's Electric Charge    Tloc/Air       0%         N/A       89%         3
 Anguish                  Hex/Necr       0%         N/A       100%        4
 Animate Armour           Summ/Erth      0%         N/A       100%        4
 Cause Fear               Hex            0%         N/A       100%        4
 Dispel Undead            Necr           0%         3d6       100%        4
 Flame Wave               Conj/Fire      0%         2d4       100%        4
 Ice Form                 Ice/Tmut       0%         N/A       100%        4
 Olgreb's Toxic Radiance  Pois           0%         N/A       100%        4
 Sticky Flame             Conj/Fire      0%         2d3       100%        4
 Summon Lightning Spire   Summ/Air       0%         N/A       100%        4
 Agony                    Necr           0%         N/A       100%        5
 Arcjolt                  Conj/Air       0%         1d10      100%        5
 Blade Hands              Tmut           0%         N/A       100%        5
 Silence                  Hex/Air        0%         N/A       100%        5
 Conjure Ball Lightning   Conj/Air       0%         3x3d6     100%        6
 Dispersal                Tloc           0%         N/A       100%        6
 Iron Shot                Conj/Erth      0%         9d1       100%        6
 Plasma Beam              Fire/Air       0%         2x1d11    100%        6
 Enfeeble                 Hex            0%         N/A       100%        7
 Orb of Destruction       Conj           0%         9d5       100%        7
 Ozocubu's Refrigeration  Ice            0%         4d7       100%        7
 Spellforged Servitor     Conj/Summ      0%         N/A       100%        7
 Storm Form               Tmut/Air       0%         N/A       100%        7
 Discord                  Hex            0%         N/A       100%        8
 Disjunction              Tloc           0%         N/A       100%        8
 Maxwell's Capacitive Co  Air            0%         ∞         100%        8
 Polar Vortex             Ice            0%         N/A       100%        9
 Simulacrum               Ice/Necr       Unusable   N/A       N/A         6

Dungeon Overview and Level Annotations

Branches:
Dungeon (14/15)            Temple (1/1) D:6            Lair (5/5) D:10
  Swamp (4/4) Lair:3        Snake (0/4) Lair:3        Slime (1/5) Lair:5
    Orc (0/2) D:12         Vaults (0/5) D:13         Bailey (visited)
  IceCv (visited)

Altars:
Ashenzari
Cheibriados
Dithmenos
Elyvilon
Fedhas
Gozag
Hepliaklqana
Kikubaaqudgha
Makhleb
Nemelex Xobeh
Okawaru
Qazlal
Ru
Sif Muna
Trog
Uskayaw
Vehumet
Wu Jian
Xom
Yredelemnul
Zin
The Shining One

Shops:
D:10 [=[:

Annotations:
Swamp:3 Nikola
Swamp:4 Louise, Roxanne


Innate Abilities, Weirdness & Mutations

((You are very nimble when in or above water. (Stealth+, EV+, Speed+++)))
Your lower body shifts to a powerful aquatic tail in water.
You are dopey. (Int -2)


Message History

Nikola is no longer distracted by gold.
Nikola is moderately wounded.
Reach: E) +9 spear "Wyceporph" {chaos, rN+++ Will+++ Int-2 Stlth-}
Press: ? - help, Dir - move target, f/p - Nikola
Aim: Nikola, wielding a +0 rapier of electrocution, wearing a +0 cloak and wearing a +0 pair of gloves (moderately wounded, about 19% to evade the +9 spear "Wyceporph")
You reach to attack!
You puncture Nikola!
You feel better.
Nikola is heavily wounded.
Nikola is engulfed in blazing flames.
Nikola is distracted by your dazzling golden aura.
Reach: E) +9 spear "Wyceporph" {chaos, rN+++ Will+++ Int-2 Stlth-}
Press: ? - help, Dir - move target, f/p - Nikola
Aim: Nikola, wielding a +0 rapier of electrocution, wearing a +0 cloak and wearing a +0 pair of gloves (flame, heavily wounded, unaware, hasn't noticed you, about 19% to evade the +9 spear "Wyceporph")
You reach to attack!
You closely miss Nikola.
Nikola is no longer distracted by gold.
Nikola shouts!
Nikola is heavily wounded.
Reach: E) +9 spear "Wyceporph" {chaos, rN+++ Will+++ Int-2 Stlth-}
Press: ? - help, Dir - move target, f/p - Nikola
Aim: Nikola, wielding a +0 rapier of electrocution, wearing a +0 cloak and wearing a +0 pair of gloves (flame, heavily wounded, about 19% to evade the +9 spear "Wyceporph")
You reach to attack!
You hit Nikola.
Nikola is heavily wounded.
Nikola is engulfed in blazing flames.
Nikola is engulfed in blazing flames.
Reach: E) +9 spear "Wyceporph" {chaos, rN+++ Will+++ Int-2 Stlth-}
Press: ? - help, Dir - move target, f/p - Nikola
Aim: Nikola, wielding a +0 rapier of electrocution, wearing a +0 cloak and wearing a +0 pair of gloves (flame, severely wounded, about 19% to evade the +9 spear "Wyceporph")
Okay, then.
Nikola is engulfed in blazing flames.
Nikola is engulfed in blazing flames.
Nikola is engulfed in blazing flames.
You block Nikola's attack. Nikola attacks as you move away!
Nikola hits you but does no damage.
Nikola is engulfed in blazing flames.
You puncture Nikola!
Nikola seems to speed up.
Nikola is almost dead.
Nikola is engulfed in blazing flames.
Nikola gestures wildly while chanting.
Lightning arcs from Nikola's hands!
The bolt of lightning hits you!!!!
Ouch! That really hurt!
You die...
Your body crumbles into a pile of gold.

♣♣♣♣♣~..♣♣≈≈♣≈♣♣...#.♣..≈♣♣
♣~~..~~.♣≈≈♣♣[~~~§..♣.§.≈♣
♣.~~.~~.♣≈♣♣~.~#♣♣♣♣♣#.♣.≈
♣~~~~~.>♣≈♣...~♣§≈≈§§♣♣~≈.
♣♣.~~...♣~...♣.♣~.≈≈~§♣♣♣♣
♣..§..°♣≈.#...♣#§~~#.~.♣#
♣♣.~~~.♣♣..)♣..♣♣....[.♣.
♣~§§~○○♣♣~♣[...♣♣♣♣....~
♣♣♣♣♣.§°○@@♣♣...≈≈≈~♣♣♣♣♣..
♣.~.♣..○☼☼♣♣..~≈≈≈..♣.≈≈♣♣♣
♣.~~~.~.~♣♣≈..≈♣♣~.#.....~~
♣♣<...~~♣♣~.♣.♣♣≈≈...♣♣♣..♣
♣♣♣...§♣♣♣....~♣♣.....♣♣.~
♣♣♣♣♣♣ ♣~♣.♣§.....♣♣~♣♣~
♣♣♣♣♣≈~~§≈♣♣~§~~♣
♣♣♣♣♣♣♣♣♣♣♣♣♣


You could see Nikola (fast).

Vanquished Creatures
  A tentacled monstrosity (Swamp:3)
  Gastronok (D:12)
  A thorn hunter (Swamp:3)
  Frances (Swamp:1)
  3 fenstrider witches (Swamp:3)
  Kirke (Swamp:2)
  The ghost of Qut Ecsu the Thaumaturge, a journeyman DsFE of Sif Muna (Swamp:4)
  2 eleionomae
  3 bunyips
  Snorg (D:14)
  4 vault guards (D:13)
  A shambling mangrove (Swamp:4)
  17 hydras
  A fire dragon (Lair:5)
  3 ghost crabs
  A catoblepas (Lair:3)
  A two-headed ogre (D:9)
  2 boulder beetles (D:13)
  A spriggan air mage (Swamp:3)
  2 centaur warriors (D:13)
  10 alligators
  5 death yaks (Lair:5)
  3 skysharks
  2 goliath frogs
  3 spriggan druids
  10 swamp dragons
  4 bog bodies
  An orc knight (Bailey)
  A necromancer (Swamp:3)
  A deep elf zephyrmancer (Bailey)
  A wolf spider (Lair:5)
  3 will-o-the-wisps
  A deep elf pyromancer (D:13)
  6 ugly things
  2 cyclopes
  A manticore (D:13)
  A guardian serpent (Lair:5)
  3 ice statues (IceCv)
  8 black mambas
  An elephant (D:10)
  A torpor snail (Lair:1)
  A gargoyle (D:12)
  A smoke demon (D:10)
  15 cane toads
  5 rime drakes
  Maggie (D:8)
  A freezing wraith (IceCv)
  2 ice devils (Lair:5)
  2 kobold demonologists
  11 komodo dragons
  A polar bear (shapeshifter) (Swamp:4)
  2 red devils (D:10)
  2 polar bears (Lair:1)
  7 trolls
  4 tyrant leeches
  6 meliai (D:13)
  7 blink frogs
  6 hornets
  A jumping spider (shapeshifter) (D:13)
  3 slime creatures (Lair:5)
  2 shadows (D:11)
  A dire elephant simulacrum (IceCv)
  3 spriggans
  4 basilisks
  69 yaks
  15 wyverns
  6 hogs (Swamp:2)
  3 redbacks (Lair:5)
  A death yak simulacrum (IceCv)
  A chaos spawn (D:10)
  A steam dragon (Lair:5)
  12 vampire mosquitoes
  13 swamp worms
  3 acid dragons
  32 water moccasins
  A hydra simulacrum (IceCv)
  3 ice beasts (D:6)
  12 swamp drakes
  3 black bears
  3 sky beasts (D:7)
  13 orc warriors
  2 ogres (D:5)
  22 wolves
  5 centaurs
  2 phantoms
  3 kobold brigands
  Blork the orc (D:4)
  7 bullfrogs
  2 gnoll sergeants
  2 cane toad simulacra (IceCv)
  2 scorpions (D:5)
  12 wights
  10 killer bees
  An electric eel (Lair:3)
  A howler monkey (D:10)
  3 quasits (D:10)
  7 hounds
  7 orc priests
  A jelly (Lair:5)
  Crazy Yiuf (D:5)
  8 iguanas
  2 sleepcaps
  9 orc wizards
  A wolf simulacrum (IceCv)
  Robin (D:4)
  8 gnolls
  4 adders
  A shadow imp (D:6)
  A white imp (D:6)
  2 ufetubi (D:5)
  2 worms
  A dart slug (D:5)
  51 orcs
  6 ball pythons
  6 endoplasms
  3 giant cockroaches
  14 goblins
  14 hobgoblins
  2 quokkas (D:3)
  8 bats
  2 frilled lizards (D:3)
  15 kobolds
  A rat (D:2)
648 creatures vanquished.

Vanquished Creatures (collateral kills)
  A yak (Lair:5)
1 creature vanquished.

Vanquished Creatures (others)
  A hydra (Swamp:4)
  A goliath frog (Swamp:3)
  A komodo dragon (Lair:5)
  A yak (Lair:5)
  A swamp drake (Swamp:4)
  A wolf (Lair:5)
  8 foxfires
14 creatures vanquished.

Grand Total: 663 creatures vanquished

Notes
Turn   | Place    | Note
-------+----------+-------------------------------------------
     0 | D:1      | mikski the Merfolk Gladiator began the quest for the Orb.
     0 | D:1      | Reached XP level 1. HP: 16/16 MP: 1/1
    94 | D:1      | Reached XP level 2. HP: 22/22 MP: 2/2
   469 | D:2      | Found a faded altar of an unknown god.
   480 | D:2      | Reached XP level 3. HP: 27/28 MP: 3/3
   519 | D:2      | Reached skill level 5 in Polearms
  1558 | D:3      | Found a glowing silver altar of Zin.
  1558 | D:3      | Found a white marble altar of Elyvilon.
  1558 | D:3      | Found a glowing golden altar of the Shining One.
  1638 | D:3      | Reached skill level 1 in Stealth
  1638 | D:3      | Reached XP level 4. HP: 34/34 MP: 4/4
  1819 | D:3      | Found a sparkling altar of Nemelex Xobeh.
  1953 | D:3      | Found an opulent altar of Gozag.
  1962 | D:3      | Became a worshipper of Gozag Ym Sagoz the Greedy
  2016 | D:3      | Found a radiant altar of Vehumet.
  2035 | D:3      | Found an ornate altar of the Wu Jian Council.
  2035 | D:3      | Found a burning altar of Makhleb.
  2035 | D:3      | Found a shimmering blue altar of Sif Muna.
  2035 | D:3      | Found a basalt altar of Yredelemnul.
  2236 | D:4      | Reached skill level 2 in Stealth
  2236 | D:4      | Reached XP level 5. HP: 35/40 MP: 5/5
  2286 | D:4      | Noticed Blork the orc
  2311 | D:4      | Killed Blork the orc
  2527 | D:4      | Noticed Robin
  2560 | D:4      | Killed Robin
  2561 | D:4      | Reached XP level 6. HP: 47/47 MP: 6/6
  2953 | D:4      | Reached skill level 5 in Dodging
  3008 | D:4      | Reached skill level 3 in Stealth
  3123 | D:4      | Reached XP level 7. HP: 42/53 MP: 7/7
  3479 | D:5      | Entered Level 5 of the Dungeon
  3743 | D:5      | Identified the +0 short sword "Erphit" {flame, rF+ rC+
                  | Will+}
  3809 | D:5      | Found an iron altar of Okawaru.
  3989 | D:5      | Reached skill level 4 in Stealth
  3989 | D:5      | Reached XP level 8. HP: 61/61 MP: 8/8
  4027 | D:5      | Found a runed translucent door.
  4028 | D:5      | Noticed Crazy Yiuf
  4080 | D:5      | Killed Crazy Yiuf
  4604 | D:5      | Reached skill level 10 in Polearms
  4759 | D:5      | Reached skill level 5 in Stealth
  4905 | D:6      | Found a staircase to the Ecumenical Temple.
  4922 | Temple   | Entered the Ecumenical Temple
  5340 | D:6      | Identified the +9 spear "Wyceporph" {chaos, rN+++ Will+++
                  | Int-2 Stlth-}
  5408 | D:6      | Reached skill level 5 in Fighting
  5428 | D:6      | Reached XP level 9. HP: 68/68 MP: 9/9
  5961 | D:7      | Reached skill level 6 in Stealth
  6177 | D:7      | Noticed a troll
  6223 | D:7      | Killed a troll
  6522 | D:8      | Found a blossoming altar of Fedhas.
  6844 | D:8      | Noticed Maggie
  6861 | D:8      | Reached skill level 1 in Shields
  6870 | D:8      | Killed Maggie
  6871 | D:8      | Reached skill level 7 in Stealth
  6963 | D:8      | Found a shadowy altar of Dithmenos.
  6963 | D:8      | Found a sacrificial altar of Ru.
  6982 | D:8      | Reached XP level 10. HP: 69/76 MP: 10/10
  7137 | D:9      | Gained mutation: You occasionally shout uncontrollably at
                  | your foes. [potion of mutation]
  7151 | D:8      | Lost mutation: You occasionally shout uncontrollably at
                  | your foes. [potion of mutation]
  7151 | D:8      | Gained mutation: You are weak. (Str -2) [potion of
                  | mutation]
  7151 | D:8      | Gained mutation: You are partially covered in iridescent
                  | scales. (AC +2) [potion of mutation]
  7151 | D:8      | Lost mutation: You are weak. (Str -2) [potion of mutation]
  7151 | D:8      | Gained mutation: Your muscles are strong. (Str +4, Int/Dex
                  | -1) [potion of mutation]
  7152 | D:8      | Lost mutation: Your muscles are strong. (Str +4, Int/Dex
                  | -1) [potion of mutation]
  7152 | D:8      | Lost mutation: You are partially covered in iridescent
                  | scales. (AC +2) [potion of mutation]
  7152 | D:8      | Gained mutation: You are vulnerable to heat. (rF-) [potion
                  | of mutation]
  7152 | D:8      | Gained mutation: You have a pair of small horns on your
                  | head. [potion of mutation]
  7152 | D:8      | Gained mutation: Your mind is acute. (Int +4, Str/Dex -1)
                  | [potion of mutation]
  7153 | D:8      | Lost mutation: Your mind is acute. (Int +4, Str/Dex -1)
                  | [potion of mutation]
  7153 | D:8      | Lost mutation: You are vulnerable to heat. (rF-) [potion of
                  | mutation]
  7153 | D:8      | Lost mutation: You have a pair of small horns on your head.
                  | [potion of mutation]
  7153 | D:8      | Gained mutation: You occasionally lose the ability to drink
                  | potions when taking damage. [potion of mutation]
  7175 | D:9      | Noticed a kobold demonologist
  7184 | D:9      | Killed a kobold demonologist
  7975 | D:9      | Noticed a two-headed ogre
  7988 | D:9      | Killed a two-headed ogre
  7989 | D:9      | Reached XP level 11. HP: 51/86 MP: 11/11
  8108 | D:9      | Reached skill level 8 in Stealth
  8438 | D:10     | Entered Level 10 of the Dungeon
  8438 | D:10     | Found Himoq's Armour Shop.
  8438 | D:10     | Found Gimat's Jewellery Shop.
  8438 | D:10     | Found Jinulox's Antique Armour Shop.
  8536 | D:10     | Reached skill level 10 in Dodging
  8586 | D:10     | Noticed a two-headed ogre
  8589 | D:10     | Banished a two-headed ogre
  8592 | D:10     | Found a staircase to the Lair.
  8673 | D:10     | Reached skill level 15 in Polearms
  8906 | D:10     | Found a flagged portal.
  8912 | Bailey   | Entered a bailey
  9004 | Bailey   | Found a large runed translucent door.
  9004 | Bailey   | Found a large runed translucent door.
  9009 | Bailey   | Noticed an orc knight
  9216 | Bailey   | Killed an orc knight
  9281 | Bailey   | Noticed a deep elf zephyrmancer
  9304 | Bailey   | Found the +3 salamander hide armour {Flames, rFlCloud rF++
                  | rC--}
  9370 | Bailey   | Killed a deep elf zephyrmancer
  9448 | Bailey   | Lost mutation: You occasionally lose the ability to drink
                  | potions when taking damage. [potion of mutation]
  9448 | Bailey   | Gained mutation: You are occasionally teleported next to
                  | monsters. [potion of mutation]
  9448 | Bailey   | Gained mutation: You have sharp fingernails. [potion of
                  | mutation]
  9689 | D:10     | Bought a +6 ring of strength for 540 gold pieces
  9806 | D:10     | Found an ancient bone altar of Kikubaaqudgha.
  9806 | D:10     | Found a broken altar of Ashenzari.
  9933 | D:10     | Reached skill level 10 in Fighting
 10153 | D:10     | Found Tyfaongu's Book Emporium.
 10463 | D:11     | Reached XP level 12. HP: 84/97 MP: 12/12
 10564 | D:11     | Lost mutation: You have sharp fingernails. [potion of
                  | mutation]
 10564 | D:11     | Lost mutation: You are occasionally teleported next to
                  | monsters. [potion of mutation]
 10564 | D:11     | Gained mutation: You are agile. (Dex +4, Str/Int -1)
                  | [potion of mutation]
 10755 | D:11     | Reached skill level 9 in Stealth
 10912 | D:11     | Reached skill level 1 in Armour
 11667 | D:10     | Bought a pair of embroidered boots for 240 gold pieces
 11780 | D:12     | Identified the +4 ring mail "Mipuchoeh" {rN+ SInv}
 11809 | D:12     | Noticed Gastronok
 11846 | D:12     | Killed Gastronok
 12524 | D:12     | Reached skill level 10 in Stealth
 12600 | D:12     | Found a staircase to the Orcish Mines.
 12983 | D:13     | Noticed a boulder beetle
 13019 | D:13     | Killed a boulder beetle
 13067 | D:13     | Found a gate to the Vaults.
 13067 | D:13     | Noticed a vault guard
 13067 | D:13     | Noticed a vault guard
 13067 | D:13     | Noticed a vault guard
 13067 | D:13     | Noticed a vault guard
 13067 | D:13     | Noticed a boulder beetle
 13067 | D:13     | Noticed a centaur warrior
 13079 | D:13     | Killed a centaur warrior
 13099 | D:13     | Killed a vault guard
 13109 | D:13     | Killed a vault guard
 13110 | D:13     | Reached skill level 11 in Stealth
 13110 | D:13     | Reached XP level 13. HP: 66/106 MP: 13/13
 13120 | D:13     | Killed a vault guard
 13134 | D:13     | Killed a vault guard
 13515 | D:13     | Reached skill level 12 in Stealth
 14460 | D:13     | Identified 2 scrolls of acquirement
 14460 | D:13     | Acquired the scarf "Bitri" {repulsion, +Inv rN+ Int+5}
 14483 | D:13     | Acquired the ring of Eternal Night {rF+ rN++ Will- Dex+2
                  | Slay+3}
 14510 | D:14     | Noticed Snorg
 14520 | D:14     | Killed Snorg
 14570 | D:14     | Noticed a fire dragon
 14689 | Lair:1   | Entered Level 1 of the Lair of Beasts
 14937 | Lair:1   | Lost mutation: You are agile. (Dex +4, Str/Int -1) [potion
                  | of mutation]
 14937 | Lair:1   | Gained mutation: You are dopey. (Int -2) [potion of
                  | mutation]
 14937 | Lair:1   | Gained mutation: You possess an exceptional clarity of
                  | mind. [potion of mutation]
 14937 | Lair:1   | Lost mutation: You possess an exceptional clarity of mind.
                  | [potion of mutation]
 15629 | Lair:2   | Reached skill level 13 in Stealth
 15706 | Lair:2   | Reached skill level 5 in Shields
 15891 | Lair:2   | Reached XP level 14. HP: 118/118 MP: 14/14
 16126 | Lair:2   | Identified the +1 leather armour "Suopheatz" {rC+ Slay+3}
 16481 | Lair:3   | Reached skill level 14 in Stealth
 16799 | Lair:3   | Found a staircase to the Swamp.
 16921 | Lair:3   | Found a staircase to the Snake Pit.
 17302 | Lair:4   | You are sucked into a shaft and drop 1 floor!
 17302 | Lair:5   | Entered Level 5 of the Lair of Beasts
 17422 | Lair:5   | Found a frozen archway.
 17457 | IceCv    | Entered an ice cave
 17608 | IceCv    | HP: 1/119 [ice statue/shard of ice (40)]
 17741 | IceCv    | Reached skill level 15 in Stealth
 17837 | IceCv    | Identified the +3 quarterstaff of the Candelabrum {drain,
                  | Str+3 Int+4 Dex-5}
 18059 | Lair:5   | Found a staircase to the Slime Pits.
 18111 | Slime:1  | Entered Level 1 of the Pits of Slime
 18111 | Slime:1  | Noticed a quicksilver ooze
 18658 | Lair:5   | Reached XP level 15. HP: 112/127 MP: 15/15
 18718 | Lair:5   | Reached skill level 16 in Stealth
 18828 | Lair:5   | Reached skill level 15 in Fighting
 19494 | Lair:4   | Found a blossoming altar of Fedhas.
 19662 | Swamp:1  | Entered Level 1 of the Swamp
 19843 | Swamp:1  | Noticed Frances
 19856 | Swamp:1  | Reached skill level 17 in Stealth
 19870 | Swamp:1  | Killed Frances
 19995 | Swamp:1  | Identified the +0 scale mail "Vuigaged" {Str+3}
 20395 | Swamp:2  | Reached skill level 15 in Dodging
 20675 | Swamp:2  | Noticed Kirke
 20715 | Swamp:2  | Killed Kirke
 21173 | Swamp:3  | Noticed a tentacled monstrosity
 21194 | Swamp:3  | Killed a tentacled monstrosity
 21270 | Swamp:3  | Reached XP level 16. HP: 138/138 MP: 16/16
 21280 | Swamp:3  | Noticed a fenstrider witch
 21284 | Swamp:3  | Noticed a thorn hunter
 21291 | Swamp:3  | Killed a fenstrider witch
 21294 | Swamp:3  | Reached skill level 18 in Stealth
 21303 | Swamp:3  | Killed a thorn hunter
 21427 | Swamp:3  | Noticed a fenstrider witch
 21442 | Swamp:3  | Killed a fenstrider witch
 21743 | Swamp:3  | Noticed a fenstrider witch
 21762 | Swamp:3  | Killed a fenstrider witch
 21903 | Swamp:4  | Entered Level 4 of the Swamp
 21937 | Swamp:4  | Reached skill level 5 in Armour
 21957 | Swamp:4  | Found a large runed translucent door.
 21957 | Swamp:4  | Found a large runed translucent door.
 21958 | Swamp:4  | Noticed Qut Ecsu's ghost (journeyman DsFE)
 22110 | Swamp:4  | Noticed Roxanne
 22208 | Swamp:4  | Killed Qut Ecsu's ghost
 22401 | Swamp:4  | Reached skill level 19 in Stealth
 22492 | Swamp:4  | Noticed Nikola
 22500 | Swamp:4  | Noticed Louise
 22605 | Swamp:3  | Killed from afar by Nikola

Illustrated notes

Levels and vault maps discovered:
D:1:      psy_arrival_dodecagon, layout_rooms, st_stairs_7,
          serial_bayou_lagoon_a
D:2:      layout_basic, basic_ecumenical_altar, kennysheep_generic_room_14
D:3:      layout_loops_cross, dreamdust_divine_triumvirate,
          nicolae_gozag_cash_rules_everything_around_me, minitemple,
          nemelex_dance_club_becter
D:4:      layout_loops_corners, hangedman_abyss_or_decor_stabs,
          supply_closet_lemuel, uniq_robin, uniq_blork_the_orc
D:5:      minmay_inner_zag, layout_basic, okawaru_gym_becter,
          uniq_crazy_yiuf_cottage
D:6:      layout_basic, temple_pool_b
D:7:      layout_cave_pods, chequers_arboretum, minivault_1
D:8:      layout_rooms, mainiacjoe_overflow_catwalk,
          gammafunk_temple_overflow_elements, nicolae_underground_beach,
          uniq_maggie
D:9:      layout_gridville
D:10:     layout_roguey, mainiacjoe_overflow_large_starburst,
          david_lair_generic, serial_shops, nicolae_shop_window_shopping,
          serial_demonic, serial_demonic_c, serial_demonic_f, serial_demonic_g,
          serial_demonic_c, enter_bailey_2, minmay_liquid_box,
          nicolae_shop_distant_corner_stores, amcnicky_mini_rare_corridor_liquid
D:11:     layout_loops_corners, minmay_fountain_box, minmay_puff
D:12:     layout_small_grid, david_orc_4, uniq_gastronok
D:13:     layout_stronghold, lightli_vaults_fourway_checkpoint,
          roderic_serpentine_path
D:14:     layout_grid_maze, minivault_4, hellmonk_jugg_or_not, uniq_nessos,
          uniq_snorg, uniq_rupert
Temple:   nicolae_temple_bog_church
Lair:1:   layout_roguey, lemuel_fruit_fields, infiniplex_staircase_pool
Lair:2:   nzn_winding_woodlands_stair_cross
          [nzn_winding_woodlands_5x15_split_checker,
          nzn_winding_woodlands_center_diamonds,
          nzn_winding_woodlands_5x15_zeroes, nzn_winding_woodlands_5x5_three,
          nzn_winding_woodlands_5x5_cross, nzn_winding_woodlands_5x15_default,
          nzn_winding_woodlands_center_pierced_h,
          nzn_winding_woodlands_5x15_default], layout_hall_layers, minivault_11
Lair:3:   layout_long_grid, swamp_mist, dummy_snake_entry, grunt_megastairs_5,
          serial_bayou_shore_a
Lair:4:   layout_cave_shapes, basic_altar, infiniplex_staircase_pool_2,
          grunt_megastairs_2
Lair:5:   guppyfry_lair_end_dragon, layout_cave_shapes,
          hangedman_lair_tendril_chambers, minmay_slime_entry_pillars,
          portal_ice_cave_demonic_guard
Swamp:1:  layout_falls_marsh, hangedman_swamp_ruin_wall,
          nicolae_swamp_fairy_circle, swamp_pool3, uniq_frances
Swamp:2:  layout_basic_swamp, serial_swamp_ruin, evilmike_swamp_ruin_house_4,
          evilmike_swamp_ruin_house_1, evilmike_swamp_ruin_rubble_2,
          swamp_pool5, hangedman_swamp_lotus, uniq_kirke
Swamp:3:  nicolae_swamp_standing_stones, layout_basic_swamp,
          hangedman_swamp_cone
Swamp:4:  swamp, layout_basic_swamp, ebering_ghost_disaster_area, uniq_nikola,
          uniq_louise, uniq_roxanne
Slime:1:  layout_caves, amcnicky_altar_lugonu_corruption

Skill      XL: |  1  2  3  4  5  6  7  8  9 10 11 12 13 14 15 16 |
---------------+-------------------------------------------------+-----
Polearms       | 5 6 7 9 11 13 14 15 16 | 16.4
Stealth        | 1 2 3 4 5 7 8 11 13 15 17 19 | 19.2
Fighting       | 3 4 5 6 8 10 11 13 14 16 | 16.7
Dodging        | 5 6 7 9 11 12 13 14 15 16 | 16.0
Shields        | 1 2 3 4 5 6 |  6.4
Armour         | 3 4 5 |  5.0
Throwing       | |  2.1

Action                     |  1- 3 |  4- 6 |  7- 9 | 10-12 | 13-15 | 16-18 || total
---------------------------+-------+-------+-------+-------+-------+-------++-------
  Melee: Trident           |   103 |   195 |   205 |       |       |       ||   503
         Punch             |     1 |     2 |     2 |       |       |       ||     5
         Tailslap          |     1 |       |     2 |       |       |       ||     3
         Spear             |       |       |   164 |   663 |  1089 |   283 ||  2199
  Throw: Javelin           |     1 |       |     1 |       |       |       ||     2
    Use: Scroll            |       |       |    11 |     6 |    12 |     1 ||    30
         Potion            |       |       |       |     6 |    10 |     2 ||    18
   Stab: Sleeping          |     2 |     5 |     8 |     6 |    38 |     7 ||    66
         Distracted        |       |     2 |     1 |     7 |     7 |     4 ||    21
         Petrifying        |       |       |       |     7 |     1 |       ||     8
         Paralysed         |       |       |       |     3 |     4 |     1 ||     8
         Confused          |       |       |       |     3 |     7 |     7 ||    17
 Armour: Leather armour    |    26 |     4 |       |    16 |    47 |    28 ||   121
         Robe              |       |    15 |    45 |    24 |       |       ||    84
         Skin              |       |     1 |       |       |       |       ||     1
         Ice dragon scales |       |       |       |       |     2 |       ||     2
  Dodge: Dodged            |    73 |   115 |   193 |   190 |   288 |   109 ||   968
  Block: Buckler           |       |       |    15 |    76 |    93 |    26 ||   210
